 Dungeon Crawl Stone Soup version 0.31-a0-841-g038b102fc3 (webtiles) character file.

Game seed: 11600826341020189950

1101 GloriousHammer the Fighter (level 8, -2/92 HPs)
             Began as an Ogre Warper on Sept 28, 2023.
             Killed from afar by Ijyb (11 damage)
             ... with a puff of flame
             ... on level 5 of the Dungeon.
             The game lasted 00:15:23 (5659 turns).

GloriousHammer the Fighter (Ogre Warper)            Turns: 5659, Time: 00:15:24

Health: -2/92      AC:  4    Str: 18    XL:     8   Next: 32%
Magic:  14/14      EV:  9    Int: 14    God:
Gold:   248        SH:  0    Dex:  8    Spells: 10/15 levels left

rFire   . . .        a - +0 whip
rCold   . . .        (no shield)
rNeg    . . .        l - +0 robe
rPois   .            (helmet restricted)
rElec   .            n - +0 cloak
rCorr   .            (gloves unavailable)
SInv    +            (boots unavailable)
Will    .....        h - amulet of regeneration
Stlth   +            v - ring of see invisible
HPRegen 1.15/turn    (no ring)
MPRegen 0.14/turn

%: no passive effects
@: no status effects
A: large, unfitting armour, tough skin 1
a: no special abilities


You were on level 5 of the Dungeon.
You visited 1 branch of the dungeon, and saw 5 of its levels.

You collected 302 gold pieces.
You spent 54 gold pieces at shops.

Inventory:

Hand Weapons
 a - a +0 whip (weapon)
 b - a +0 sling
 u - a +0 antimagic dagger
 w - a +0 giant spiked club
Missiles
 d - 3 darts of dispersal (quivered)
 i - 5 atropa-tipped darts
Armour
 l - a +0 robe (worn)
 n - a +0 cloak (worn)
Jewellery
 h - an amulet of regeneration (around neck)
 v - a ring of see invisible (left hand)
 F - a ring of fire
 P - a ring of poison resistance
 S - a +6 ring of strength
Wands
 c - a wand of light (12)
 o - a wand of paralysis (3)
 t - a wand of polymorph (10)
 x - a wand of iceblast (11)
Scrolls
 e - a scroll of immolation
 g - a scroll of fear
 p - a scroll of amnesia
 q - 2 scrolls of teleportation
 s - a scroll of vulnerability {unknown}
 I - a scroll of identify
Potions
 f - 2 potions of berserk rage
 j - a potion of cancellation {unknown}
 k - a potion of magic {unknown}
 m - a potion of ambrosia {unknown}
 r - a potion of brilliance {unknown}


   Skills:
 * Level 9.4 Fighting
 + Level 4.7 Maces & Flails
 - Level 1.0 Throwing
 - Level 2.1 Dodging
 - Level 4.0 Spellcasting
 - Level 4.0 Translocations


You had 10 spell levels left.
You knew the following spells:

 Your Spells              Type           Power      Damage    Failure   Level
a - Blink                 Tloc           28%        N/A       5%          2
b - Teleport Other        Tloc           14%        N/A       11%         3

Your spell library contained the following spells:

 Spells                   Type           Power      Damage    Failure   Level
 Lesser Beckoning         Tloc           28%        N/A       5%          2
 Kiss of Death            Conj/Necr      8%         2d6       19%         1
 Magic Dart               Conj           8%         1d3       19%         1
 Sting                    Tmut/Pois      8%         1d3       19%         1
 Poisonous Vapours        Pois/Air       4%         N/A       28%         2
 Searing Ray              Conj           4%         2d4       28%         2
 Manifold Assault         Tloc           14%        N/A       36%         4
 Confusing Touch          Hex            2%         N/A       50%         3
 Ignite Poison            Fire/Tmut/Pois 2%         N/A       50%         3
 Ozocubu's Armour         Ice            2%         N/A       50%         3
 Vhi's Electric Charge    Tloc/Air       16%        N/A       63%         4
 Dispel Undead            Necr           2%         3d7       88%         4
 Fulminant Prism          Conj/Hex       1%         3d5       88%         4
 Olgreb's Toxic Radiance  Pois           2%         N/A       88%         4
 Sticky Flame             Conj/Fire      2%         2d3       88%         4
 Metabolic Englaciation   Hex/Ice        1%         N/A       99%         5
 Simulacrum               Ice/Necr       1%         N/A       100%        6
 Ignition                 Fire           1%         3d3       100%        8


Dungeon Overview and Level Annotations

Branches:
Dungeon (5/15)
 Temple: D:4-7

Altars:
Ashenzari
Gozag
Hepliaklqana
Xom

Shops:
D:2 [   D:4 (

Annotations:
D:3 exclusion: downstairs
D:5 Ijyb


Innate Abilities, Weirdness & Mutations

You are too large for most types of armour.
You have tough skin. (AC +1)


Message History

The black bear bites you. The black bear claws you. x2
You hit the black bear but do no damage.
The black bear is almost dead.
The black bear bites you. The black bear barely misses you.
The black bear claws you but does no damage.
The black bear bites you. The black bear claws you.
The black bear barely misses you.
You closely miss the black bear.
The black bear is almost dead.
The black bear barely misses you. The black bear closely misses you.
The black bear claws you.
You closely miss the black bear.
The black bear is almost dead.
The black bear bites you. The black bear closely misses you. x2
You hit the black bear.
The black bear is almost dead.
The black bear bites you. The black bear claws you. x2
You hit the black bear but do no damage.
The black bear is almost dead.
The black bear bites you but does no damage.
The black bear claws you. The black bear closely misses you.
The black bear barely misses you. The black bear claws you.
The black bear claws you but does no damage.
Unknown command.
You barely miss the black bear.
The black bear is almost dead.
The black bear closely misses you.
The black bear claws you but does no damage. x2
Unknown command.
You hit the black bear.
You kill the black bear!
You closely miss Ijyb.
Unknown command.
You whack Ijyb!
Ijyb is moderately wounded.
Ijyb hits you with a +5 club.
You barely miss Ijyb.
Ijyb is moderately wounded.
Ijyb zaps a wand.
The puff of flame hits you.
You hit Ijyb.
Ijyb is moderately wounded.
Ijyb zaps a wand.
The puff of flame hits you but does no damage.
You hit Ijyb.
Ijyb is heavily wounded.
Ijyb closely misses you.
You hit Ijyb but do no damage.
Ijyb is heavily wounded.
Ijyb hits you with a +5 club.
You closely miss Ijyb.
Ijyb is heavily wounded.
Ijyb completely misses you.
You closely miss Ijyb.
Ijyb is heavily wounded.
Ijyb hits you with a +5 club.
* * * LOW HITPOINT WARNING * * *
You hit Ijyb.
Ijyb is severely wounded.
Ijyb barely misses you.
You barely miss Ijyb.
Ijyb is severely wounded.
You barely miss Ijyb.
Ijyb is severely wounded.
Ijyb hits you with a +5 club.
* * * LOW HITPOINT WARNING * * *
You hit Ijyb.
Ijyb is almost dead.
Ijyb hits you with a +5 club.
* * * LOW HITPOINT WARNING * * *
You hit Ijyb but do no damage.
Ijyb is almost dead.
Ijyb hits you with a +5 club!
* * * LOW HITPOINT WARNING * * *
You completely miss Ijyb.
Ijyb is almost dead.
Ijyb hits you with a +5 club.
* * * LOW HITPOINT WARNING * * *
You hit Ijyb.
Ijyb is almost dead.
Ijyb hits you with a +5 club.
* * * LOW HITPOINT WARNING * * *
You hit Ijyb but do no damage.
Ijyb is almost dead.
Ijyb hits you with a +5 club.
* * * LOW HITPOINT WARNING * * *
Okay, then.
Throw: 5 darts (disperse)
Press: ? - help, Q - select action, (/) - cycle Shift-Dir - straight line, f - Ijyb
Aim: Ijyb, wielding a +5 club, wearing a +0 ring mail and carrying a wand of flame (almost dead, 52% to hit)
You throw a dart of dispersal.
The dart of dispersal closely misses Ijyb.
Ijyb hits you with a +5 club.
* * * LOW HITPOINT WARNING * * *
Throw: 4 darts (disperse)
Press: ? - help, Q - select action, (/) - cycle Shift-Dir - straight line, f/p - Ijyb
Aim: Ijyb, wielding a +5 club, wearing a +0 ring mail and carrying a wand of flame (almost dead, 52% to hit)
You throw a dart of dispersal.
The dart of dispersal barely misses Ijyb.
Ijyb zaps a wand.
The puff of flame hits you!
You die...

'......................†...#
##############.#######.##'##
# #.## .....<.# # #..#
.........# # ##.##......!..#
# #.##g........# #
#.##.........# #
#..#.........# ##@#.......
#g#....... #...# ##..# ##
#......... ... ...#.##....
... .....#.. .. ...
.§.h...##.≈ ... ≈...h..# .≈#


You could see Ijyb.

Vanquished Creatures
  Sigmund (D:4)
  Duvessa (D:4)
  A black bear (D:5)
  An ogre (D:5)
  A phantom (D:4)
  Blork the orc (D:5)
  Dowan (D:4)
  A howler monkey (D:4)
  5 hounds
  2 jellies (D:5)
  A gnoll bouda (D:3)
  An iguana (D:4)
  Robin (D:4)
  3 gnolls
  8 adders
  3 dart slugs
  6 orcs
  4 endoplasms
  A giant cockroach (D:2)
  5 hobgoblins
  A jackal (D:1)
  2 kobolds
  3 quokkas
  7 ball pythons
  3 bats
  3 frilled lizards
  19 goblins
  7 rats
93 creatures vanquished.

Notes
Turn   | Place    | Note
-------+----------+-------------------------------------------
     0 | D:1      | GloriousHammer the Ogre Warper began the quest for the Orb.
     0 | D:1      | Reached XP level 1. HP: 22/22 MP: 3/3
    50 | D:1      | Reached skill level 3 in Fighting
   144 | D:1      | Reached XP level 2. HP: 24/31 MP: 5/5
   620 | D:1      | Reached skill level 4 in Fighting
   939 | D:2      | Reached XP level 3. HP: 23/39 MP: 6/6
  1111 | D:2      | Learned a level 2 spell: Blink
  1115 | D:2      | Learned a level 3 spell: Teleport Other
  1135 | D:2      | Found Tevadaad's Armour Shop.
  1704 | D:2      | Reached XP level 4. HP: 49/49 MP: 7/7
  2199 | D:2      | Bought a +0 cloak for 54 gold pieces
  2502 | D:3      | Reached skill level 5 in Fighting
  2725 | D:3      | Found a shimmering altar of Xom.
  2726 | D:3      | Found a hazy altar of Hepliaklqana.
  2727 | D:3      | Noticed a spectral ugly thing
  2968 | D:3      | Found a faded altar of an unknown god.
  3117 | D:4      | Reached XP level 5. HP: 28/57 MP: 9/9
  3409 | D:4      | Noticed Sigmund
  3414 | D:4      | Noticed Dowan
  3568 | D:4      | Found a broken altar of Ashenzari.
  3595 | D:4      | Noticed Robin
  3652 | D:4      | Killed Robin
  3720 | D:4      | Reached XP level 6. HP: 61/67 MP: 9/11
  3730 | D:4      | Killed Sigmund
  3731 | D:4      | Reached skill level 6 in Fighting
  3803 | D:4      | Reached XP level 7. HP: 72/76 MP: 12/12
  3823 | D:4      | Found an opulent altar of Gozag.
  3917 | D:3      | Reached skill level 7 in Fighting
  4454 | D:4      | Found Wauloedd's Weapon Emporium.
  4583 | D:4      | Noticed Duvessa
  4965 | D:4      | Killed Duvessa
  4971 | D:4      | Killed Dowan
  5121 | D:5      | Entered Level 5 of the Dungeon
  5128 | D:5      | Reached skill level 8 in Fighting
  5161 | D:5      | Reached XP level 8. HP: 15/89 MP: 14/14
  5468 | D:5      | Noticed Blork the orc
  5494 | D:5      | Killed Blork the orc
  5495 | D:5      | Reached skill level 9 in Fighting
  5589 | D:5      | Noticed Ijyb
  5659 | D:5      | Killed from afar by Ijyb

Illustrated notes

Levels and vault maps discovered:
D:1:      scummos_arrival_forest, layout_rooms, st_stairs_6
D:2:      layout_basic, serial_shops, shop, minmay_misc_feat_chi
D:3:      layout_basic, regret_index_temple_of_mockery, basic_ecumenical_altar,
          roderic_serpentine_path, hangedman_decor_points
D:4:      layout_cave_pools, evilmike_ruin_ashenzari, kennysheep_little_box,
          serial_shops, shop, uniq_sigmund, uniq_robin, uniq_duvessa
D:5:      layout_basic, lemuel_mausoleum_altar_kikubaaqudgha,
          nicolae_sif_muna_condensation, nicolae_qazlal_eye_of_the_storm,
          kennysheep_boxes, uniq_blork_the_orc, uniq_ijyb

Skill      XL: |  1  2  3  4  5  6  7  8 |
---------------+-------------------------+-----
Fighting       | 3 4 5 6 8 9 |  9.4
Maces & Flails | 2 3 4 |  4.7
Translocations | 3 4 |  4.0
Spellcasting   | 3 4 |  4.0
Throwing       | |  1.0
Dodging        | |  2.1

Action                     |  1- 3 |  4- 6 |  7- 9 || total
---------------------------+-------+-------+-------++-------
  Melee: Whip              |   167 |   246 |   230 ||   643
         Punch             |     1 |     1 |     3 ||     5
         Unarmed           |       |       |     6 ||     6
   Fire: Sling             |     6 |       |     4 ||    10
  Throw: Dart              |     1 |       |     3 ||     4
  Evoke: Wand              |       |     1 |       ||     1
    Use: Scroll            |       |     1 |     5 ||     6
   Stab: Paralysed         |       |     5 |       ||     5
         Confused          |       |       |     1 ||     1
 Armour: Robe              |   137 |   170 |   158 ||   465
         Skin              |       |       |    46 ||    46
  Dodge: Dodged            |    84 |   115 |    96 ||   295

Table legend: (Time is in decaauts)
 A = Elapsed time spent in this place.
 B = Non-inter-level travel time spent in this place.
 C = Inter-level travel time spent in this place.
 D = Time resting spent in this place.
 E = Time spent auto-exploring this place.
 F = Levels seen in this place.
 G = Mean time per level.
                   A        B        C        D        E       F      G
               +--------+--------+--------+--------+--------+-----+--------+
         Total |   5616 |   5424 |    192 |   1420 |   2507 |   5 | 1123.2 |
       Dungeon |   5616 |   5424 |    192 |   1420 |   2507 |   5 | 1123.2 |
               +--------+--------+--------+--------+--------+-----+--------+

Top non-repeatable levels by time:
     D:3: 1669 daAuts
     D:2: 1316 daAuts
     D:4: 1214 daAuts
     D:1: 889 daAuts
     D:5: 526 daAuts
